 Dungeon Crawl Stone Soup version 0.28-b1-78-gc65acfa365 (webtiles) character file.

Game seed: 4611764086947949719

252 MacCMillion the Summoner (level 5, 21/21 HPs)
             Began as a Felid Summoner on Feb 4, 2022.
             Quit the game on level 5 of the Dungeon.
             The game lasted 00:19:38 (6236 turns).

MacCMillion the Summoner (Felid Summoner)           Turns: 6236, Time: 00:19:38

Health: 21/21      AC:  2    Str:  4    XL:     5   Next: 89%
Magic:  10/10      EV: 17    Int: 18    God:
Gold:   151        SH:  0    Dex: 17    Spells: 0/10 levels left
                                        Lives:  0   Deaths: 2

rFire   . . .      SeeInvis +   (weapon unavailable)
rCold   . . .      Faith    .   (shield unavailable)
rNeg    . . .      Spirit   .   (armour unavailable)
rPois   .          Reflect  .   (helmet unavailable)
rElec   .          Harm     .   (cloak unavailable)
rCorr   .          Rampage  .   (gloves unavailable)
Will    .....                   (boots unavailable)
Stlth   ++........              (no amulet)
HPRegen 0.07/turn               (no ring)
MPRegen 0.12/turn               (no ring)

@: quick
A: very small, claws 1, fangs 3, see invisible, speed 1, shaggy fur 2, stealthy
paws, no weapons or thrown items, no armour, multi-lived
a: no special abilities


You were on level 5 of the Dungeon.
You visited 1 branch of the dungeon, and saw 5 of its levels.
You also visited: Sewer.

You collected 151 gold pieces.

Inventory:

Jewellery
 e - a ring of ice
 n - an amulet of guardian spirit
 q - a ring of positive energy
 r - a ring of protection from cold
Wands
 h - a wand of charming (6)
Scrolls
 a - a scroll of magic mapping {unknown}
 b - a scroll of summoning {unknown}
 c - 2 scrolls of immolation {unknown}
 d - 4 scrolls of teleportation
 f - a scroll of silence {unknown}
 k - a scroll of brand weapon {unknown}
 l - 7 scrolls of identify {unknown}
 m - a scroll of blinking {unknown}
 o - a scroll of vulnerability {unknown}
 u - a scroll of noise {unknown}
Potions
 g - a potion of magic
 i - a potion of ambrosia {unknown}
 j - a potion of haste {unknown}
 p - 2 potions of resistance {unknown}
 s - a potion of flight {unknown}
 t - 2 potions of attraction {unknown}


   Skills:
 - Level 2.6 Dodging
 - Level 2.6 Stealth
 - Level 3.0 Spellcasting
 - Level 5.0 Hexes
 + Level 8.2 Summonings
 + Level 2.8 Air Magic


You couldn't memorise any spells.
You knew the following spells:

 Your Spells              Type           Power      Damage    Failure   Level
a - Summon Small Mammal   Summ           100%       N/A       1%          1
b - Call Canine Familiar  Summ           32%        N/A       1%          3
c - Summon Guardian Gole  Hex/Summ       26%        N/A       3%          3
d - Summon Lightning Spi  Summ/Air       22%        N/A       17%         4

Your spell library contained the following spells:

 Spells                   Type           Power      Damage    Failure   Level
 Call Imp                 Summ           32%        N/A       1%          2


Dungeon Overview and Level Annotations

Branches:
Dungeon (5/15)              Sewer (visited)
 Temple: D:4-7

Altars:
Ashenzari
Cheibriados
Uskayaw
Vehumet

Shops:
D:1 :

Annotations:
D:3 1 runed translucent door, Crazy Yiuf


Innate Abilities, Weirdness & Mutations

You have sharp claws.
You have razor-sharp teeth.
You have supernaturally acute eyesight. (SInv)
You cover ground quickly. (Speed+)
You are covered in thick fur. (AC +2)
Your paws help you pounce on unaware monsters.
You are incapable of wielding weapons or throwing items.
You cannot wear armour.
You gain extra lives every three experience levels.


Message History

Your hound bites the centaur but does no damage.
The centaur completely misses your hound.
The centaur barely misses your hound.
Unknown command.
You barely miss the centaur. You bite the centaur, but do no damage.
The centaur is almost dead.
Your hound closely misses the centaur.
The centaur closely misses you. x2
Your hound barely misses the centaur.
Unknown command.
You scratch the centaur but do no damage.
You bite the centaur, but do no damage.
The centaur is almost dead.
The centaur misses you. The centaur kicks you.
* * * LOW HITPOINT WARNING * * *
Your hound completely misses the centaur.
The centaur hits you but does no damage.
The centaur kicks you.
* * * LOW HITPOINT WARNING * * *
Unknown command.
You scratch the centaur but do no damage.
The centaur is almost dead.
Your hound bites the centaur but does no damage.
The centaur hits your hound.
The centaur kicks your hound but does no damage.
Your hound bites the centaur.
Unknown command.
You closely miss the centaur.
The centaur is almost dead.
The centaur hits you.
You die...
The centaur kicks you but does no damage.
A hound comes into view.
Your hound closely misses the ogre.
The centaur hits you. The centaur misses you.
The ogre hits you with a +0 giant club!!
You are now level 5!
You rejoin the land of the living...
Found a potion of magic.
Unknown command.
Are you sure you want to abandon this character and quit the game? (Confirm with "yes".)

..
#.............$....
#............>.....
###................
#.#.####.........
#. # >.........
###### .#
..###.#..#.###.
...............
#@.....#
#...##.!### #... .#
#... # ##.# ##


There were no monsters in sight!

Vanquished Creatures
  A dart slug (D:2)
  2 rats
3 creatures vanquished.

Vanquished Creatures (collateral kills)
  A necrophage (D:4)
  An ogre (D:4)
  A kobold brigand (Sewer)
  A wyvern skeleton (D:5)
  A water moccasin skeleton (D:4)
  A hound (D:3)
  A jelly (D:5)
  Natasha (twice) (D:2)
  A hound zombie (D:3)
  A hound skeleton (D:4)
  4 gnolls (D:4)
  10 adders
  A river rat (Sewer)
  7 worms
  2 orcs (D:3)
  A bat (D:1)
  5 endoplasms
  4 giant cockroaches (D:3)
  15 goblins
  9 hobgoblins
  10 kobolds
  5 quokkas
  9 ball pythons
  5 frilled lizards
  8 rats
106 creatures vanquished.

Vanquished Creatures (others)
  3 kobold brigands (Sewer)
  A kobold (Sewer)
4 creatures vanquished.

Grand Total: 113 creatures vanquished

Notes
Turn   | Place    | Note
-------+----------+-------------------------------------------
     0 | D:1      | MacCMillion the Felid Summoner began the quest for the Orb.
     0 | D:1      | Reached XP level 1. HP: 7/7 MP: 4/4
   103 | D:1      | Found a faded altar of an unknown god.
   153 | D:1      | Reached XP level 2. HP: 10/11 MP: 4/6
   253 | D:1      | Found Ucvyotud's Book Shoppe.
  1054 | D:2      | Reached XP level 3. HP: 12/14 MP: 0/8
  1058 | D:2      | Learned a level 3 spell: Call Canine Familiar
  1439 | D:2      | Noticed Natasha
  1527 | D:2      | Killed Natasha
  1528 | D:2      | Reached skill level 5 in Summonings
  1528 | D:2      | Reached XP level 4. HP: 18/18 MP: 1/9
  1540 | D:2      | Learned a level 3 spell: Summon Guardian Golem
  1642 | D:2      | Noticed Natasha
  1650 | D:2      | Killed Natasha
  1651 | D:2      | Reached skill level 1 in Hexes
  1913 | D:2      | Reached XP level 5. HP: 21/21 MP: 4/10
  2326 | D:3      | Found a hide-covered altar of Uskayaw.
  2412 | D:3      | Found a glowing drain.
  2428 | Sewer    | Entered a sewer
  2688 | Sewer    | Reached skill level 6 in Summonings
  2688 | Sewer    | Gained mutation: You are covered in thick fur. (AC +2)
                  | [Felid growth]
  2688 | Sewer    | Reached XP level 6. HP: 24/24 MP: 2/11
  2982 | Sewer    | Reached skill level 5 in Hexes
  3633 | Sewer    | Reached skill level 7 in Summonings
  3707 | Sewer    | Reached XP level 7. HP: 27/27 MP: 5/12
  3963 | D:3      | Found a broken altar of Ashenzari.
  4078 | D:3      | Found a snail-covered altar of Cheibriados.
  4087 | D:3      | Found a radiant altar of Vehumet.
  4093 | D:3      | Learned a level 4 spell: Summon Lightning Spire
  4183 | D:3      | Found a runed translucent door.
  4184 | D:3      | Noticed Crazy Yiuf
  4925 | D:4      | Reached skill level 1 in Air Magic
  5573 | D:4      | Reached skill level 8 in Summonings
  6071 | D:5      | Entered Level 5 of the Dungeon
  6207 | D:5      | Shot with an arrow by a centaur
  6208 | D:5      | Reached XP level 6. HP: -3/24 MP: 11/11
  6233 | D:5      | HP: 1/24 [centaur (1)]
  6235 | D:5      | Slain by a centaur
  6236 | D:5      | Reached XP level 5. HP: -3/21 MP: 8/10
  6236 | D:5      | Quit the game

Illustrated notes

Levels and vault maps discovered:
D:1:      matt_arrival_refuge, layout_rooms, serial_shops, nicolae_shop_crystal,
          shapermc_ecumenical_altar_petra
D:2:      layout_loops_cross, uniq_robin, uniq_natasha
D:3:      layout_loops_cross, mainiacjoe_overflow_cross_hatched,
          evilmike_ruin_ashenzari, mainiacjoe_overflow_swirl,
          portal_sewer_entry_f, serial_bayou_pond_e, kennysheep_big_empty_room,
          minmay_crystal_room, uniq_crazy_yiuf_cottage
D:4:      layout_basic
D:5:      layout_cave_pools, roderic_serpentine_path, minmay_circle_x

Skill      XL: |  1  2  3  4  5  6  7 |
---------------+----------------------+-----
Spellcasting   | 3 |  3.0
Summonings     | 5 6 7 8 |  8.2
Hexes          | 2 4 5 |  5.0
Air Magic      | 2 |  2.8
Dodging        | |  2.6
Stealth        | |  2.6

Action                   |  1- 3 |  4- 6 |  7- 9 || total
-------------------------+-------+-------+-------++-------
Melee: Unarmed           |     7 |    17 |     3 ||    27
       Bite              |     1 |     5 |       ||     6
 Cast: Summon Small Mamm |    65 |    41 |    26 ||   132
       Call Canine Famil |     5 |    23 |    14 ||    42
       Summon Guardian G |       |     6 |     2 ||     8
  Use: Scroll            |       |     1 |       ||     1
       Potion            |       |     3 |       ||     3
 Stab: Distracted        |     1 |       |       ||     1
       Sleeping          |       |     1 |     1 ||     2
Armor: Skin              |     1 |     5 |       ||     6
Dodge: Dodged            |    17 |    37 |     9 ||    63
